 Dungeon Crawl Stone Soup version 0.28-a0-1374-ga75cb3825e (webtiles) character file.

Game seed: 6614673420843471722

14988 snetch the Cleaver (level 11, 0/103 HPs)
             Began as a Minotaur Berserker on Dec 31, 2021.
             Was a High Priest of Trog.
             Slain by a gnoll sergeant (2 damage)
             ... on level 11 of the Dungeon.
             The game lasted 00:46:14 (13227 turns).

snetch the Cleaver (Minotaur Berserker)            Turns: 13227, Time: 00:46:14

Health: 0/103      AC: 17    Str: 26    XL:     11   Next: 95%
Magic:  10/10      EV: 10    Int:  4    God:    Trog [*****.]
Gold:   964        SH:  5    Dex: 16    Spells: 10/10 levels left

rFire   . . .      SeeInvis .   a - +3 battleaxe (freeze)
rCold   . . .      Faith    .   (shield currently unavailable)
rNeg    . . .      Spirit   .   V - +0 storm dragon scales
rPois   .          Reflect  +   (helmet restricted)
rElec   +          Harm     .   s - +0 cloak
rCorr   .          Rampage  .   (no gloves)
Will    ++...                   f - +0 pair of boots
Stlth   ..........              M - amulet of reflection
HPRegen 1.27/turn               g - +4 ring of slaying
MPRegen 0.12/turn               H - +6 ring of dexterity

@: lethally poisoned (0 -> 0), strong-willed, regenerating
A: horns 2, retaliatory headbutt
a: Renounce Religion, Berserk, Trog's Hand, Brothers in Arms


You were on level 11 of the Dungeon.
You worshipped Trog.
Trog was extremely pleased with you.
You visited 2 branches of the dungeon, and saw 12 of its levels.
You also visited: Sewer, Ossuary and Bailey.

You collected 964 gold pieces.

Inventory:

Hand Weapons
 a - a +3 battleaxe of freezing (weapon)
 b - a +3 lajatang of flaming
 c - a +5 antimagic quarterstaff
 t - a +0 glaive
 R - a +4 hunting sling
 W - a +4 trident
Missiles
 i - 447 stones
 k - 96 poisoned darts (quivered)
 m - 56 bolts
 n - 10 throwing nets
 A - 32 sling bullets
 C - 141 arrows
 U - 3 curare-tipped darts
Armour
 d - +0 acid dragon scales
 f - a +0 pair of boots (worn)
 s - a +0 cloak (worn)
 V - +0 storm dragon scales (worn)
 Y - a +0 buckler
Jewellery
 g - a +4 ring of slaying (left hand)
 F - a ring of fire
 H - a +6 ring of dexterity (right hand)
 L - a ring of protection from fire
 M - an amulet of reflection (around neck)
 S - a ring of protection from cold
Wands
 q - a wand of acid (5)
 r - a wand of polymorph (10)
 v - a wand of flame (27)
 J - a wand of iceblast (9)
 O - a wand of charming (7)
Scrolls
 h - 7 scrolls of teleportation {unknown}
 j - a scroll of silence
 p - a scroll of noise
 u - 3 scrolls of enchant weapon
 w - 2 scrolls of acquirement {unknown}
 x - a scroll of enchant armour
 y - 2 scrolls of magic mapping
 I - a scroll of immolation
 K - 4 scrolls of blinking {unknown}
 Q - 2 scrolls of fog {unknown}
 X - a scroll of torment {unknown}
Potions
 e - 2 potions of resistance
 l - 3 potions of mutation {unknown}
 o - 2 potions of cancellation
 z - 8 potions of heal wounds
 B - 6 potions of curing {unknown}
 D - 3 potions of haste
 E - 3 potions of magic
 G - 8 potions of lignification {unknown}
 N - a potion of invisibility
 P - a potion of might
Miscellaneous
 T - a lightning rod (inert)


   Skills:
 + Level 11.6 Fighting
 + Level 13.8(13.9) Axes
 + Level 1.6(10.9) Maces & Flails
 + Level 9.7 Staves
 + Level 2.0(2.1) Slings
 + Level 0.7(1.3) Throwing
 + Level 10.4 Armour
 + Level 3.4 Dodging
 + Level 1.6 Stealth
 + Level 3.9 Shields
 + Level 1.1 Evocations


You had 10 spell levels left.
You didn't know any spells.
Your spell library contained the following spells:

 Spells                   Type           Power      Damage    Failure   Level
 Shock                    Conj/Air       0%         1d3       95%         1
 Ensorcelled Hibernation  Hex/Ice        0%         N/A       99%         2
 Static Discharge         Conj/Air       0%         N/A       99%         2
 Ignite Poison            Fire/Tmut/Pois 0%         N/A       100%        3
 Mephitic Cloud           Conj/Pois/Air  0%         N/A       100%        3
 Ozocubu's Armour         Ice            0%         N/A       100%        3
 Spider Form              Tmut/Pois      0%         N/A       100%        3
 Swiftness                Air            0%         N/A       100%        3
 Tukima's Dance           Hex            0%         N/A       100%        3
 Airstrike                Air            0%         N/A       100%        4
 Animate Dead             Necr           0%         N/A       100%        4
 Dispel Undead            Necr           0%         3d6       100%        4
 Sticky Flame             Conj/Fire      0%         2d3       100%        4
 Borgnjor's Vile Clutch   Necr/Erth      0%         N/A       100%        5
 Freezing Cloud           Conj/Ice/Air   0%         6-21      100%        5
 Death Channel            Necr           0%         N/A       100%        6
 Enfeeble                 Hex            0%         N/A       100%        7
 Ozocubu's Refrigeration  Ice            0%         4d5       100%        7


Dungeon Overview and Level Annotations

Branches:
Dungeon (11/15)            Temple (1/1) D:5            Lair (0/6) D:10
    Orc (0/2) D:11          Sewer (visited)         Ossuary (visited)
 Bailey (visited)

Altars:
Ashenzari
Cheibriados
Dithmenos
Elyvilon
Fedhas
Gozag
Hepliaklqana
Kikubaaqudgha
Makhleb
Nemelex Xobeh
Okawaru
Qazlal
Ru
Sif Muna
Trog
Uskayaw
Vehumet
Wu Jian
Xom
Yredelemnul
Zin
The Shining One

Shops:
D:8 [

Annotations:
D:5 stuff behind glass


Innate Abilities, Weirdness & Mutations

You have a pair of horns on your head.
You reflexively headbutt those who attack you in melee.


Message History

The kobold brigand hits you but does no damage.
The orc warrior hits you but does no damage.
You slash the kobold brigand! You freeze the kobold brigand.
You kill the kobold brigand!
Trog accepts your kill.
You barely miss the troll. You barely miss the orc warrior.
You slash the orc warrior! You freeze the orc warrior.
You feel sick. The troll closely misses you. The troll claws you.
The troll claws you!
The orc warrior hits you with a +0 trident!
The gnoll sergeant barely misses you.
The gnoll sergeant hits you from afar with a +4 trident of freezing.
The gnoll sergeant freezes you. The orc warrior closely misses you.
You barely miss the troll.
The troll is moderately wounded.
You slash the orc warrior! You freeze the orc warrior.
You kill the orc warrior!
Trog accepts your kill.
You hit the orc warrior. You freeze the orc warrior.
You kill the orc warrior!
Trog accepts your kill.
You feel sick. You block the troll's attack.
The troll claws you but does no damage. The troll claws you!
* * * LOW HITPOINT WARNING * * *
The gnoll sergeant closely misses you. The gnoll sergeant misses you.
You feel sick.
The gnoll sergeant hits you with a +4 trident of freezing.
* * * LOW HITPOINT WARNING * * *
The gnoll sergeant freezes you.
* * * LOW HITPOINT WARNING * * *
Items here: ))) [[ †††.
Unknown command.
Your skin crawls.
You feel strong-willed.
You feel sick. The troll bites you.
* * * LOW HITPOINT WARNING * * *
The troll claws you but does no damage. You block the troll's attack.
The gnoll sergeant hits you with a +4 trident of freezing.
* * * LOW HITPOINT WARNING * * *
The gnoll sergeant freezes you.
You die...

#######
#8...8#
#..g))#
#.)>.)+
#))@T)#
#8g..8#
#######


You could see a troll and 2 gnoll sergeants.

Vanquished Creatures
  A centaur warrior (D:8)
  4 two-headed ogres
  The ghost of browni3141 the Fencer, a novice PaBe of Trog (D:8)
  An unseen horror (D:10)
  A kobold demonologist (D:10)
  A hornet (D:4)
  The ghost of bladeefan the Chopper, an amateur DsFi (D:4)
  Grinder (D:4)
  3 shadows
  A wraith (D:9)
  2 wyverns
  The ghost of Shayle the Sneak, an amateur NaWr (D:3)
  22 yaks
  2 vampire mosquitoes (D:8)
  An acid dragon (D:10)
  5 orc warriors
  2 water moccasins
  A sky beast (D:7)
  A black bear (D:7)
  9 ogres
  3 necrophages
  7 wolves (Bailey)
  A kobold brigand (D:11)
  2 elf zombies (Ossuary)
  12 gnoll sergeants
  A scorpion (D:4)
  A wyvern zombie (D:8)
  A water moccasin skeleton (D:4)
  2 electric eels (D:7)
  4 howler monkeys
  2 wights (D:6)
  2 human zombies (Ossuary)
  A bullfrog zombie (D:7)
  Crazy Yiuf (D:2)
  6 centaur zombies
  2 hounds (Bailey)
  2 jellies
  A centaur skeleton (D:5)
  5 orc priests
  5 gnoll shamans
  Terence (D:2)
  4 iguanas
  Natasha (thrice) (D:2)
  An orc wizard (D:3)
  2 mummies (Ossuary)
  A howler monkey zombie (D:10)
  Robin (D:3)
  30 gnolls
  A river rat (D:6)
  5 adders
  A white imp (D:8)
  An ufetubus (D:7)
  An adder zombie (Ossuary)
  2 worms
  3 adder simulacra (D:3)
  4 dart slugs
  20 orcs
  6 bats
  9 endoplasms
  8 giant cockroaches
  48 goblins
  26 hobgoblins
  5 jackals
  3 quokkas
  11 ball pythons
  A ball python simulacrum (D:3)
  3 frilled lizards
  6 hobgoblin zombies (Ossuary)
  A jackal zombie (Ossuary)
  27 kobolds
  11 kobold zombies (Ossuary)
  9 orc zombies (Ossuary)
  A quokka simulacrum (D:3)
  8 rats
  3 rat zombies (Ossuary)
389 creatures vanquished.

Vanquished Creatures (collateral kills)
  3 wights (D:6)
  An adder (D:6)
  A ball python (D:6)
  2 rats (D:6)
7 creatures vanquished.

Vanquished Creatures (others)
  5 fungi (D:2)
  A plant (D:7)
6 creatures vanquished.

Grand Total: 402 creatures vanquished

Notes
Turn   | Place    | Note
-------+----------+-------------------------------------------
     0 | D:1      | snetch the Minotaur Berserker began the quest for the Orb.
     0 | D:1      | Reached XP level 1. HP: 19/19 MP: 0/0
   179 | D:1      | Reached XP level 2. HP: 13/27 MP: 1/1
   404 | D:1      | Reached skill level 4 in Axes
   470 | D:2      | Noticed Natasha
   477 | D:2      | Killed Natasha
   478 | D:2      | Reached XP level 3. HP: 15/34 MP: 2/2
   674 | D:1      | Reached ** piety under Trog
   871 | D:2      | Noticed Natasha
   875 | D:2      | Killed Natasha
   876 | D:2      | Reached skill level 5 in Fighting
   876 | D:2      | Reached XP level 4. HP: 42/42 MP: 3/3
   877 | D:2      | Noticed Terence
   883 | D:2      | Killed Terence
   884 | D:2      | Reached skill level 5 in Axes
  1191 | D:2      | Reached XP level 5. HP: 38/48 MP: 4/4
  1334 | D:3      | Reached *** piety under Trog
  1389 | D:3      | Reached skill level 1 in Maces & Flails
  1624 | D:3      | Reached **** piety under Trog
  1808 | D:3      | Reached XP level 6. HP: 31/57 MP: 5/5
  2148 | D:2      | Found a runed translucent door.
  2149 | D:2      | Noticed Crazy Yiuf
  2157 | D:2      | Killed Crazy Yiuf
  2436 | D:2      | Noticed Natasha
  2440 | D:2      | Killed Natasha
  2585 | D:3      | Found a runed translucent gate.
  2585 | D:3      | Found a runed translucent gate.
  2585 | D:3      | Found a runed translucent gate.
  2697 | D:4      | Reached skill level 6 in Axes
  2718 | D:4      | Found an iron altar of Okawaru.
  2814 | D:4      | Reached skill level 1 in Staves
  2987 | D:4      | Noticed a hornet
  2996 | D:4      | Noticed Grinder
  2997 | D:4      | Reached XP level 7. HP: 60/63 MP: 6/6
  3010 | D:4      | Killed a hornet
  3011 | D:4      | Reached skill level 5 in Armour
  3115 | D:4      | Paralysed by Grinder for 2 turns
  3121 | D:4      | Killed Grinder
  3163 | D:4      | Found a runed translucent gate.
  3164 | D:4      | Found a runed translucent gate.
  3164 | D:4      | Noticed bladeefan's ghost (amateur DsFi)
  3165 | D:4      | Found a runed translucent gate.
  3207 | D:4      | Found a sand-covered staircase.
  3217 | Ossuary  | Entered an ossuary
  3230 | Ossuary  | Reached XP level 8. HP: 71/71 MP: 7/7
  3339 | Ossuary  | Reached skill level 7 in Axes
  3341 | Ossuary  | Reached skill level 5 in Staves
  3610 | D:3      | Noticed Robin
  3615 | D:3      | Reached ***** piety under Trog
  3622 | D:3      | Killed Robin
  3769 | D:3      | Noticed Shayle's ghost (amateur NaWr)
  4278 | D:3      | Killed Shayle's ghost
  4700 | D:4      | Reached skill level 8 in Axes
  4790 | D:5      | Entered Level 5 of the Dungeon
  5059 | D:4      | Killed bladeefan's ghost
  5305 | D:5      | Reached XP level 9. HP: 48/81 MP: 8/8
  5727 | D:5      | Received a gift from Trog
  6099 | D:6      | Reached skill level 1 in Slings
  6106 | D:6      | Reached skill level 1 in Stealth
  6123 | D:6      | Found a glowing drain.
  6216 | Sewer    | Entered a sewer
  6833 | D:5      | Found a staircase to the Ecumenical Temple.
  6839 | Temple   | Entered the Ecumenical Temple
  7807 | D:7      | Found a transporter.
  7863 | D:7      | Reached XP level 10. HP: 84/91 MP: 9/9
  8141 | D:7      | Found a transporter.
  8241 | D:8      | Noticed a two-headed ogre
  8249 | D:8      | Killed a two-headed ogre
  8251 | D:8      | Reached skill level 9 in Axes
  9084 | D:8      | Found Venyen's Antique Armour Shop.
  9277 | D:9      | Found a flagged portal.
  9327 | Bailey   | Entered a bailey
  9573 | Bailey   | Reached skill level 10 in Axes
  9574 | Bailey   | Reached skill level 1 in Shields
 10213 | D:8      | Reached skill level 10 in Fighting
 10230 | D:9      | Reached skill level 11 in Axes
 10230 | D:9      | Received a gift from Trog
 10500 | D:8      | Found a runed translucent gate.
 10501 | D:8      | Found a runed translucent gate.
 10501 | D:8      | Found an opulent altar of Gozag.
 10502 | D:8      | Found a runed translucent gate.
 10505 | D:8      | Noticed a two-headed ogre
 10505 | D:8      | Noticed a centaur warrior
 10506 | D:8      | Noticed browni3141's ghost (novice PaBe)
 10549 | D:8      | Noticed a two-headed ogre
 10556 | D:8      | Killed a two-headed ogre
 10557 | D:8      | Reached XP level 11. HP: 86/101 MP: 10/10
 11059 | D:8      | Killed a centaur warrior
 11063 | D:8      | Killed browni3141's ghost
 11064 | D:8      | Killed a two-headed ogre
 11065 | D:8      | Reached skill level 12 in Axes
 11590 | D:9      | Noticed a two-headed ogre
 11596 | D:9      | Killed a two-headed ogre
 11597 | D:9      | Reached skill level 10 in Armour
 11853 | D:10     | Entered Level 10 of the Dungeon
 12177 | D:9      | Reached skill level 1 in Evocations
 12494 | D:10     | Found a staircase to the Lair.
 12724 | D:10     | Reached skill level 13 in Axes
 13213 | D:10     | Identified the +0 barding "Repoomi" {Stlth+}
 13217 | D:11     | Found a staircase to the Orcish Mines.
 13227 | D:11     | HP: 2/103 [gnoll sergeant (6)]
 13227 | D:11     | Slain by a gnoll sergeant

Illustrated notes

Levels and vault maps discovered:
D:1:      enne_arrival_octagon_isle, layout_rooms, serial_glass,
          glass_columns_b, glass_columns_b, glass_columns_a, glass_columns_a,
          glass_columns_c, glass_columns_a, minmay_misc_feat_tiny,
          minmay_tetromino_l2
D:2:      layout_rooms, minmay_worlds_worst_comb, uniq_terence, uniq_natasha,
          uniq_crazy_yiuf_cottage
D:3:      minmay_goblin_kobold_castle, layout_basic, gammafunk_ghost_icy,
          uniq_robin
D:4:      layout_basic, mainiacjoe_overflow_alcove_4, gammafunk_ghost_split,
          lightli_ossuary_entry_decrepit_ruins, minmay_diced_spiral,
          uniq_grinder
D:5:      layout_rooms, minmay_temple_entry_enclosed_plants, serial_glass,
          glass_columns_a, glass_columns_a, item_on_display_a,
          due_unseen_surprise, minmay_strange_pillars, minmay_strange_pillars,
          st_stairs_4
D:6:      layout_basic, portal_sewer_entry_c
D:7:      gammafunk_steamed_eel, layout_loops_ring
D:8:      layout_loops_corners, ebering_ghost_gozag, serial_shops,
          nicolae_shop_statue_plus, nicolae_underground_beach
D:9:      layout_grid_maze, enter_bailey_6
D:10:     layout_roguey, lair_entry_dummy, serial_bayou_pond_d
D:11:     layout_basic, kennysheep_orc_monster_closet_entryway, uniq_gastronok
Temple:   mainiacjoe_temple_circle_huts

Skill      XL: |  1  2  3  4  5  6  7  8  9 10 11 |
---------------+----------------------------------+-----
Fighting       | 4 5 6 8 9 10 11 | 11.6
Axes           | 4 5 6 8 11 13 | 13.8
Armour         | 3 4 5 6 8 9 10 | 10.4
Maces & Flails | 1 |  1.6
Staves         | 1 4 6 9 |  9.7
Dodging        | 3 |  3.4
Slings         | 2 |  2.0
Stealth        | 1 |  1.6
Shields        | 2 3 |  3.9
Evocations     | 1 |  1.1
Throwing       | |  0.7

Action                   |  1- 3 |  4- 6 |  7- 9 | 10-12 || total
-------------------------+-------+-------+-------+-------++-------
Melee: Hand axe          |    69 |    98 |    45 |       ||   212
       Headbutt          |     9 |    15 |    58 |    37 ||   119
       Flail             |       |    21 |       |       ||    21
       Quarterstaff      |       |    22 |   185 |       ||   207
       Battleaxe         |       |       |     9 |   165 ||   174
 Fire: Hunting sling     |       |       |     5 |       ||     5
Throw: Stone             |     4 |       |       |       ||     4
       Dart              |       |       |       |    12 ||    12
Invok: Trog's Hand       |       |       |     3 |     1 ||     4
       Berserk           |       |       |     2 |     3 ||     5
       Brothers in Arms  |       |       |     2 |       ||     2
Evoke: Wand              |       |       |       |     5 ||     5
       Lightning rod     |       |       |       |     4 ||     4
  Use: Scroll            |       |       |    14 |     3 ||    17
 Stab: Paralysed         |       |       |     1 |       ||     1
Armor: Animal skin       |     6 |       |       |       ||     6
       Chain mail        |    41 |    87 |   114 |       ||   242
       Plate armour      |       |       |       |    58 ||    58
       Storm dragon scal |       |       |       |    82 ||    82
Dodge: Dodged            |    44 |    57 |    96 |   122 ||   319
Block: Other             |       |       |     1 |    74 ||    75
       Reflection        |       |       |       |     2 ||     2

Table legend: (Time is in decaauts)
 A = Elapsed time spent in this place.
 B = Non-inter-level travel time spent in this place.
 C = Inter-level travel time spent in this place.
 D = Time resting spent in this place.
 E = Time spent auto-exploring this place.
 F = Levels seen in this place.
 G = Mean time per level.
                   A        B        C        D        E       F      G
               +--------+--------+--------+--------+--------+-----+--------+
         Total |  13370 |  12627 |    743 |    219 |   8651 |  15 |  891.3 |
       Dungeon |  11376 |  10661 |    715 |    219 |   7298 |  11 | 1034.2 |
        Temple |    299 |    271 |     28 |      0 |    250 |   1 |  299.0 |
         Sewer |    486 |    486 |      0 |      0 |    339 |   1 |  486.0 |
       Ossuary |    353 |    353 |      0 |      0 |    213 |   1 |  353.0 |
        Bailey |    855 |    855 |      0 |      0 |    551 |   1 |  855.0 |
               +--------+--------+--------+--------+--------+-----+--------+

Top non-repeatable levels by time:
     D:3: 1662 daAuts
     D:8: 1517 daAuts
     D:4: 1469 daAuts
     D:9: 1347 daAuts
     D:7: 996 daAuts
     D:5: 990 daAuts
     D:2: 931 daAuts
     D:1: 878 daAuts
  Bailey: 855 daAuts
     D:6: 817 daAuts
    D:10: 732 daAuts
   Sewer: 486 daAuts
 Ossuary: 353 daAuts
  Temple: 299 daAuts
    D:11: 33 daAuts
